Map: Triton LE

Players

Makanoft - Winner!

  • Race: Zerg Zerg
  • League: Platinum
  • Spawn Location: 11:00

pHARM

  • Race: Zerg Zerg
  • League: Platinum
  • Spawn Location: 5:00

VOD

Have the link to the VOD?

Description

Time

  • Played on: Aug. 24, 2019, 9:24 a.m.
  • Length: 8:12
Show
View Real Time Build Order
Export as new Build Order

Makanoft Zerg - Winner!

Build Orders: Hatch First 

Get SALT Encoding   

  12  0:01  Drone  
  13  0:09  Drone  
  14  0:14  Extractor  
  14  0:16  Drone  
  15  0:24  Overlord  
  15  0:42  Drone x2  
  17  0:56  Hatchery  
  16  0:58  Drone  
  16  1:00  Drone  
  18  1:13  Extractor  
  18  1:16  Spawning Pool  
  16  1:23  Drone  
  17  1:27  Drone  
  17  1:29  Drone  
  19  1:42  Drone  
  20  1:53  Overlord  
  20  2:03  Zergling x2  
  20  2:07  Queen  
  23  2:08  Overlord  
  23  2:15  Zergling x2  
  24  2:20  Zergling x2  
  25  2:24  Zergling x2  
  25  2:29  Zergling x2  
  27  2:33  Zergling x2  
  28  2:37  Metabolic Boost  
  28  2:40  Zergling x2  
  28  2:42  Queen  
  31  2:50  Zergling x2  
  32  2:57  Zergling x4  
  34  3:02  Zergling x2  
  35  3:07  Zergling x2  
  36  3:15  Zergling x4  
  36  3:19  Drone  
  39  3:20  Drone x2  
  39  3:26  Zergling x2  
  41  3:32  Zergling x2  
  41  3:34  Zergling x2  
  39  3:51  Zergling x2  
  39  3:52  Zergling x4  
  36  4:03  Drone x3  
  39  4:12  Drone x5  
  44  4:17  Roach Warren  
  44  4:23  Zergling x2  
  44  4:24  Overlord  
  44  4:27  Hatchery  
  44  4:30  Zergling x2  
  44  4:41  Overlord x2  
  44  4:42  Drone x2  
  44  4:43  Overlord  
  47  4:45  Drone x2  
  47  4:46  Drone  
  47  4:50  Zergling x2  
  50  4:57  Lair  
  49  5:01  Baneling Nest  
  49  5:05  Drone x3  
  50  5:16  Roach x2  
  50  5:17  Roach x2  
  58  5:26  Extractor  
  57  5:29  Roach x2  
  61  5:36  Roach x2  
  65  5:44  Evolution Chamber  
  64  5:52  Evolution Chamber  
  64  5:53  Drone x5  
  64  5:54  Drone  
  64  5:56  Hatchery  
  68  6:01  Baneling x3  
  68  6:02  Baneling x5  
  68  6:07  Zergling x2  
  68  6:08  Roach  
  68  6:09  Roach x2  
  68  6:10  Drone  
  75  6:22  Roach x2  
  75  6:23  Roach  
  75  6:24  Drone  
  81  6:26  Overlord x2  
  80  6:36  Roach  
  80  6:38  Overlord x2  
  80  6:39  Overlord  
  82  6:51  Overlord x2  
  82  6:52  Glial Reconstitution  
  82  6:57  Roach  
  82  6:58  Roach x2  
  82  6:59  Zergling x2  
  88  7:08  Roach x2  
  84  7:16  Zergling x6  
  84  7:17  Zergling x8  
  89  7:28  Zergling x4  
  89  7:29  Zergling x4  
  93  7:33  Zergling x6  
  93  7:34  Zergling x4  
  98  7:40  Drone x2  
  95  7:54  Zergling x10  
Show
View Real Time Build Order
Export as new Build Order

pHARM Zerg 

Build Orders: Hatch First 

Get SALT Encoding   

  12  0:01  Drone  
  13  0:16  Overlord  
  13  0:18  Drone  
  14  0:35  Drone x2  
  16  0:43  Drone  
  17  0:55  Hatchery  
  16  1:04  Drone  
  16  1:05  Drone  
  18  1:13  Drone  
  19  1:22  Spawning Pool  
  19  1:25  Drone  
  19  1:33  Drone  
  20  1:44  Extractor  
  20  1:45  Drone  
  20  2:01  Overlord  
  20  2:09  Queen x2  
  20  2:11  Drone  
  20  2:12  Drone  
  26  2:23  Drone x2  
  28  2:32  Drone  
  28  2:33  Drone  
  30  2:46  Lair  
  30  2:49  Queen  
  32  2:51  Drone x4  
  36  3:04  Overlord  
  36  3:13  Spine Crawler  
  36  3:15  Zergling x2  
  36  3:17  Zergling x2, Spine Crawler  
  36  3:18  Zergling x2, Spine Crawler  
  36  3:20  Overlord  
  34  3:30  Zergling x6  
  34  3:31  Zergling x6  
  27  3:52  Drone x6  
  33  4:01  Queen  
  35  4:10  Drone  
  35  4:11  Drone x3  
  39  4:20  Metabolic Boost  
  39  4:26  Queen  
  39  4:29  Drone x3  
  44  4:43  Drone x3  
  47  4:55  Evolution Chamber  
  46  5:07  Roach Warren  
  45  5:14  Evolution Chamber  
  44  5:21  Zerg Missile Weapons Level 1  
  44  5:31  Overlord x2  
  44  5:32  Overlord  
  44  5:48  Glial Reconstitution  
  44  5:56  Roach x8, Extractor  
  59  5:58  Overlord x3, Extractor  
  56  6:32  Roach x4  
  61  6:46  Drone x6  
  62  7:14  Drone x7  
  69  7:26  Ravager  
  69  7:28  Ravager  
  69  7:29  Ravager  
  72  7:31  Ravager  
  72  7:35  Roach x4  
Tags
 
Matchup
ZvZ
Race
Zerg
Replay Pack
10.7.19
Spawn Locations
Cross Positions
Add a new tag
Caveats
  • Supply blocks, unpowered buildings, or Contaminate may cause inaccurate times.
  • Supply counts are checked every 10 seconds.